 Dungeon Crawl Stone Soup version 0.20.1-1-g8b1a95d (console) character file.

105 bli the Chiller (level 4, 0/32 HPs)
             Began as a Barachi Ice Elementalist on July 23, 2017.
             Slain by a ball python (1 damage)
             ... on level 4 of the Dungeon.
             The game lasted 00:09:44 (2644 turns).

bli the Chiller (Barachi Ice Elementalist)          Turns: 2644, Time: 00:09:45

Health: 0/32       AC:  5    Str:  9    XL:     4   Next: 83%
Magic:  1/9        EV:  7    Int: 16    God:
Gold:   97         SH:  0    Dex: 13    Spells: 9/10 levels left

rFire    . . .     SeeInvis .   a - +2 dagger (drain)
rCold    . . .     Gourm    .   (no shield)
rNeg     . . .     Faith    .   q - +0 ring mail (curse)
rPois    .         Spirit   .   (no helmet)
rElec    .         Reflect  .   (no cloak)
rCorr    .         Harm     .   (no gloves)
MR       .....                  (no boots)
Stlth    +.........             v - amulet of magic regeneration
Regen    0.1/turn               (no ring)
MPRegen  0.2/turn               (no ring)

@: can't hop, constricted, slow
A: +LOS, swims, slowness 1, strong legs 1
a: Hop


You were on level 4 of the Dungeon.
You were not hungry.

You visited 1 branch of the dungeon, and saw 4 of its levels.

You collected 97 gold pieces.

Inventory:

Hand Weapons
 a - a +2 dagger of draining (weapon)
 b - a +2 hand axe of chopping
Missiles
 r - 32 stones (quivered)
Armour
 q - a cursed +0 ring mail (worn)
 u - a +0 robe
Magical Staves
 w - an uncursed staff of air {unknown}
Jewellery
 v - an amulet of magic regeneration (around neck)
Scrolls
 d - a scroll of fear {unknown}
 e - 4 scrolls of enchant weapon {unknown}
 f - 7 scrolls of identify {unknown}
 n - a scroll of magic mapping {unknown}
 p - a scroll of noise {unknown}
 s - a scroll of remove curse {unknown}
 t - a scroll of random uselessness {unknown}
 y - a scroll of teleportation {unknown}
Potions
 g - 2 potions of curing {unknown}
 j - a potion of magic {unknown}
 k - a potion of ambrosia {unknown}
 l - 2 potions of agility {unknown}
 x - a potion of might {unknown}
Books
 m - a book of Frost

   Spells                             Type                      Level
   a - Freeze                         Ice                          1
   b - Throw Frost                    Conjuration/Ice              2
   c - Ozocubu's Armour               Charms/Ice                   3
   d - Throw Icicle                   Conjuration/Ice              4
   e - Summon Ice Beast               Ice/Summoning                4
Comestibles
 c - 4 bread rations
 h - 2 royal jellies
 i - 2 meat rations
 o - 8 chunks of flesh


   Skills:
 + Level 1.3 Fighting
 + Level 0.2 Short Blades
 * Level 1.4 Armour
 + Level 2.2 Dodging
 + Level 2.0 Stealth
 + Level 3.5 Spellcasting
   Level 1.1 Conjurations
 + Level 4.6 Ice Magic


You had 9 spell levels left.
You knew the following spells:

 Your Spells              Type           Power        Failure   Level  Hunger
a - Freeze                Ice            ###.         8%          1    None


Dungeon Overview and Level Annotations

Branches:
Dungeon (4/15)
 Temple: D:4-7

Altars:

Annotations:
D:3 nihilbene's ghost, amateur DsBe


Innate Abilities, Weirdness & Mutations

Shadows flee at your approach. (+LOS)
You can swim through water.
You cover ground slowly.
You can hop short distances.


Message History

* * * LOW HITPOINT WARNING * * *
Casting: Freeze
Confirm with . or Enter, or press ? or * to list all spells.
Aiming: Freeze
Press: ? - help, Shift-Dir - straight line, f/p - orc priest
Aim: an orc priest, wielding a dagger and wearing a scale mail (moderately wounded)
You freeze the orc priest.
The orc priest is severely wounded.
The ball python bites you but does no damage.
The ball python constricts you. The orc hits you but does no damage.
The orc priest hits you but does no damage.
Casting: Freeze
Confirm with . or Enter, or press ? or * to list all spells.
Aiming: Freeze
Press: ? - help, Shift-Dir - straight line, f/p - orc priest
Aim: an orc priest, wielding a dagger and wearing a scale mail (severely wounded)
You freeze the orc priest.
The orc priest is almost dead.
The ball python bites you.
You die...

#.## #... #..# #..# #..#
## #..# ...
#..#############.##
#######..................
...(...o@##.........<..#.
#######oS##...##.........
#.oo)...##.########
#.########.# [.. #.# #...
#.# #.(. ..# #... ###
#...


You could see an orc priest, an orc wizard, 2 orcs and a ball python.

Vanquished Creatures
  3 adders
  An ooze (D:2)
  3 worms
  7 dart slugs (D:1)
  A leopard gecko (D:1)
  3 orcs
  3 giant cockroaches
  8 goblins
  3 hobgoblins
  A quokka (D:2)
  2 ball pythons (D:1)
  5 bats
  7 frilled lizards
  A kobold (D:2)
  3 rats (D:2)
51 creatures vanquished.

Notes
Turn   | Place    | Note
-------+----------+-------------------------------------------
     0 | D:1      | bli the Barachi Ice Elementalist began the quest for the Orb.
     0 | D:1      | Reached XP level 1. HP: 13/13 MP: 3/3
   149 | D:1      | Reached XP level 2. HP: 12/19 MP: 0/5
   209 | D:1      | Reached skill level 4 in Ice Magic
   957 | D:1      | Reached XP level 3. HP: 19/25 MP: 2/6
  1623 | D:2      | Reached skill level 1 in Fighting
  1902 | D:2      | Reached XP level 4. HP: 24/32 MP: 4/8
  2265 | D:2      | Reached skill level 1 in Armour
  2308 | D:3      | Noticed nihilbene's ghost (amateur DsBe)
  2642 | D:4      | HP: 1/32 [orc priest/dagger (1)]
  2644 | D:4      | Slain by a ball python

Skill      XL: |  1  2  3  4 |
---------------+-------------+-----
Ice Magic      | 4 |  4.6
Spellcasting   | 3 |  3.5
Fighting       | 1 |  1.3
Armour         | 1 |  1.4
Stealth        | 2 |  2.0
Short Blades   | |  0.2
Dodging        | |  2.2
Conjurations   | |  1.1

Action                   |  1- 3 |  4- 6 || total
-------------------------+-------+-------++-------
Melee: Unarmed           |    35 |       ||    35
       Hand axe          |    20 |     8 ||    28
       Dagger            |       |    18 ||    18
 Cast: Freeze            |    57 |    21 ||    78
 Abil: Hop               |       |     1 ||     1
 Stab: Sleeping          |     4 |       ||     4
       Distracted        |     1 |       ||     1
  Eat: Chunk             |     4 |     3 ||     7
Armor: Robe              |    11 |       ||    11
       Ring mail         |     5 |    21 ||    26
Dodge: Dodged            |    46 |    27 ||    73
